 Dungeon Crawl Stone Soup version 0.20.1-1-g8b1a95d (webtiles) character file.

42 Marthos the Magician (level 3, 0/24 HPs)
             Began as a Mummy Summoner on Dec 6, 2017.
             Slain by a bat (1 damage)
             ... on level 2 of the Dungeon.
             The game lasted 00:03:09 (1531 turns).

Marthos the Magician (Mummy Summoner)               Turns: 1531, Time: 00:03:10

Health: 0/24       AC:  3    Str: 11    XL:     3   Next: 35%
Magic:  2/8        EV: 12    Int: 15    God:
Gold:   91         SH:  0    Dex: 12    Spells: 6/9 levels left

rFire    x . .     SeeInvis .   c - +1 dagger (drain)
rCold    + . .     Gourm    .   (no shield)
rNeg     + + +     Faith    .   a - +0 robe
rPois    ∞         Spirit   .   e - +0 helmet
rElec    .         Reflect  .   (no cloak)
rCorr    .         Harm     .   (no gloves)
MR       .....                  (no boots)
Stlth    ++........             (no amulet)
Regen    0.1/turn               (no ring)
MPRegen  0.2/turn               (no ring)

@: no status effects
A: no food or potions, fire vulnerability, cold resistance 1, negative energy
resistance 3, torment resistance, unbreathing
a: no special abilities


You were on level 2 of the Dungeon.
You were not hungry.

You visited 1 branch of the dungeon, and saw 2 of its levels.

You collected 91 gold pieces.

Inventory:

Hand Weapons
 c - a +1 dagger of draining (weapon)
Armour
 a - a +0 robe (worn)
 e - a +0 helmet (worn)
Jewellery
 f - an uncursed ring of ice {unknown}
Scrolls
 d - a scroll of amnesia {unknown}
Books
 b - a book of Callings

   Spells                             Type                      Level
   a - Summon Small Mammal            Summoning                    1
   b - Call Imp                       Summoning                    2
   c - Call Canine Familiar           Summoning                    3
   d - Summon Guardian Golem          Hexes/Summoning              3
   e - Summon Lightning Spire         Summoning/Air                4
   f - Summon Ice Beast               Ice/Summoning                4


   Skills:
 - Level 1.5 Dodging
 - Level 1.5 Stealth
 * Level 3.8 Spellcasting
 * Level 3.8 Summonings


You had 6 spell levels left.
You knew the following spells:

 Your Spells              Type           Power        Failure   Level  Hunger
a - Summon Small Mammal   Summ           ##..         3%          1    N/A
b - Call Imp              Summ           ##......     5%          2    N/A

Dungeon Overview and Level Annotations

Branches:
Dungeon (2/15)

Altars:

Annotations:
D:2 Robin, Sigmund


Innate Abilities, Weirdness & Mutations

You do not eat or drink.
Your flesh is vulnerable to fire.
You are immune to poison.
Your flesh is cold resistant. (rC+)
You are immune to negative energy. (rN+++)
You are immune to unholy pain and torment.
You can survive without breathing.


Message History

The goblin hits your crimson imp with a dagger.
The goblin hits you. The worm bites you!
* * * LOW HITPOINT WARNING * * *
Your white imp hits the worm.
Your white imp freezes the worm.
Something misses your crimson imp.
Your crimson imp hits the goblin.
Robin roars a battlecry!
The goblins go into a battle-frenzy! 3 goblins come into view.
You swap places.
The goblin closely misses your crimson imp.
The goblin hits you.
* * * LOW HITPOINT WARNING * * *
Your crimson imp blinks! x2
Your white imp gestures at the worm.
The puff of frost hits the worm.
A goblin comes into view.
Things that are here:
a hunting sling; 10 stones The bat hits you but does no damage.
The bat hits you.
You die...

#.# #.# .. ##.#### . ..#..
.# #.#.# .# #.#.#..#
################...#.###.#
.†..............@b........
##################)###.##
g.ggg§gw)...#
.gg5...5.!.....
gg.$.....#####. .........#
#####..... #5....$ #......


You could see a bat.

Vanquished Creatures
  2 oozes (D:1)
  A bat (D:1)
  A giant cockroach (D:1)
  5 goblins
  2 hobgoblins (D:1)
  A jackal (D:1)
  3 kobolds (D:1)
  A frilled lizard (D:1)
  A rat (D:1)
17 creatures vanquished.

Vanquished Creatures (collateral kills)
  A worm (D:2)
  2 dart slugs (D:1)
  2 bats (D:1)
  A goblin (D:1)
  4 jackals (D:1)
  A frilled lizard (D:1)
  A kobold (D:1)
  5 rats (D:1)
17 creatures vanquished.

Grand Total: 34 creatures vanquished

Notes
Turn   | Place    | Note
-------+----------+-------------------------------------------
     0 | D:1      | Marthos the Mummy Summoner began the quest for the Orb.
     0 | D:1      | Reached XP level 1. HP: 13/13 MP: 4/4
   550 | D:1      | Reached XP level 2. HP: 4/19 MP: 0/6
   884 | D:1      | Learned a level 2 spell: Call Imp
  1021 | D:1      | Reached XP level 3. HP: 18/24 MP: 0/8
  1523 | D:2      | Noticed Sigmund
  1527 | D:2      | Noticed Robin
  1529 | D:2      | HP: 1/24 [goblin (4)]
  1531 | D:2      | Slain by a bat

Skill      XL: |  1 |
---------------+----+-----
Spellcasting   | 3 |  3.8
Dodging        | |  1.5
Stealth        | |  1.5
Summonings     | |  3.8

Action                   || total
-------------------------++-------
Melee: Unarmed           ||    13
       Dagger            ||    42
 Cast: Summon Small Mamm ||    25
       Call Imp          ||    16
 Stab: Distracted        ||     1
Armor: Robe              ||    41
Dodge: Dodged            ||    68
